Map: Automaton LE

Players

Neeb - Winner!

  • Race: Protoss Protoss
  • League: Master
  • Spawn Location: 3:00

Elazer

  • Race: Zerg Zerg
  • Spawn Location: 9:00

Event: IEM Season 13 - Katowice Server Qualifiers Europe

VOD

Have the link to the VOD?

Description

Time

  • Played on: Jan. 8, 2019, 9:21 a.m.
  • Length: 13:24

All games in this series

Show
View Real Time Build Order
Export as new Build Order

Neeb Protoss - Winner!

Build Orders: 1 Gate Expand, Oracle Opening, Phoenix Opening 

Get SALT Encoding   

  12  0:00  Probe  
  13  0:13  Probe  
  14  0:18  Pylon  
  14  0:25  Probe  
  15  0:33  Probe  
  15  0:40  Gateway  
  15  0:41  Probe  
  16  0:48  Assimilator  
  17  0:51  Probe  
  18  1:03  Probe  
  19  1:15  Probe  
  20  1:26  Nexus  
  20  1:35  Cybernetics Core  
  20  1:38  Probe  
  21  1:46  Assimilator  
  21  1:50  Probe  
  22  1:54  Pylon  
  22  2:01  Probe  
  22  2:04  Adept  
  23  2:09  Probe  
  26  2:17  Probe  
  27  2:24  Stargate  
  27  2:28  Pylon  
  27  2:33  Adept  
  27  2:36  Probe  
  30  2:38  Probe  
  30  2:41  Warp Gate  
  31  2:46  Probe  
  31  2:48  Probe  
  33  2:56  Probe  
  34  3:00  Probe, Phoenix  
  35  3:08  Probe  
  35  3:12  Probe  
  39  3:18  Oracle  
  39  3:20  Probe  
  39  3:24  Probe, Gateway  
  46  3:38  Probe x2  
  46  3:44  Pylon  
  46  3:47  Assimilator x2  
  44  3:51  Pylon  
  44  3:52  Probe  
  44  3:54  Probe  
  46  3:59  Phoenix  
  46  4:02  Pylon  
  48  4:05  Probe  
  48  4:06  Gateway  
  48  4:07  Probe  
  50  4:17  Probe, Phoenix  
  50  4:20  Probe  
  52  4:29  Probe  
  55  4:31  Pylon  
  55  4:32  Probe  
  56  4:41  Probe  
  56  4:42  Phoenix  
  56  4:44  Adept x2  
  63  4:58  Nexus  
  64  5:00  Probe  
  64  5:02  Phoenix  
  64  5:07  Probe, Pylon  
  64  5:08  Robotics Facility  
  67  5:17  Sentry x2  
  67  5:18  Probe  
  72  5:32  Probe  
  72  5:33  Probe  
  72  5:36  Phoenix  
  72  5:44  Probe  
  72  5:45  Probe  
  72  5:46  Pylon  
  72  5:48  Forge  
  74  5:51  Forge  
  74  5:52  Zealot x2  
  74  5:53  Observer  
  74  5:56  Probe  
  80  5:59  Robotics Bay  
  80  6:07  Probe  
  80  6:08  Probe  
  80  6:10  Probe  
  82  6:12  Immortal  
  82  6:13  Protoss Ground Weapons Level 1, Protoss Ground Armor Level 1  
  82  6:17  Assimilator  
  83  6:19  Probe  
  83  6:20  Probe  
  83  6:22  Probe, Assimilator  
  90  6:29  Probe  
  90  6:30  Pylon  
  90  6:32  Probe  
  92  6:37  Probe  
  91  6:42  Probe  
  91  6:43  Colossus  
  91  6:44  Probe  
  93  6:47  Pylon  
  93  6:49  Extended Thermal Lance  
  93  6:51  Probe  
  93  6:53  Twilight Council  
  100  6:54  Probe  
  100  6:58  Probe  
  102  7:02  Sentry, Stalker x2  
  102  7:08  Pylon  
  108  7:09  Probe  
  108  7:12  Pylon  
  106  7:35  Blink  
  106  7:37  Colossus, Gateway, Protoss Ground Armor Level 2  
  106  7:38  Gateway  
  106  7:40  Gateway, Photon Cannon  
  106  7:43  Pylon  
  112  7:46  Protoss Ground Weapons Level 2  
  112  7:50  Gateway x2  
  112  7:51  Gateway  
  110  8:00  Pylon  
  110  8:02  Pylon  
  110  8:08  Stalker x3  
  110  8:11  Shield Battery  
  116  8:23  Pylon  
  116  8:25  Colossus, Pylon  
  116  8:33  Pylon  
  122  8:43  Pylon  
  122  8:47  Nexus  
  122  8:49  Stalker x6  
  134  9:03  Photon Cannon, Pylon  
  134  9:05  Templar Archives  
  134  9:07  Sentry  
  134  9:08  Sentry x2  
  140  9:12  Pylon  
  140  9:19  Warp Prism  
  142  9:26  Protoss Ground Weapons Level 3  
  142  9:28  Probe x3  
  145  9:32  Photon Cannon  
  145  9:33  Photon Cannon  
  145  9:36  Charge  
  145  9:38  Stalker x2  
  145  9:39  Stalker x3  
  145  9:45  Protoss Ground Armor Level 3  
  155  9:46  Stalker x2  
  159  9:58  Stalker x2  
  163  10:01  Pylon  
  163  10:11  Zealot x3  
  167  10:17  Zealot x2  
  160  10:37  Probe  
  160  10:38  Probe  
  162  10:44  Sentry x2  
  162  10:45  Sentry x2, Stalker x3  
  162  10:46  Stalker  
  162  10:47  Stalker  
  180  10:53  Photon Cannon  
  180  11:11  Zealot x6  
  180  11:12  Zealot x3  
  196  11:30  Psionic Storm  
  180  11:34  Zealot x9  
  158  12:15  Stalker x4  
  158  12:16  Stalker x5  
  158  12:21  Probe  
  167  12:24  Probe  
  167  12:25  Probe  
  167  12:46  High Templar x5  
  167  12:47  High Templar x3  
  167  12:48  Stalker  
  185  12:51  Archon x2  
  185  12:52  Archon x2  
  185  12:58  Pylon  
  185  12:59  Observer  
  170  13:18  Stalker x2  
  170  13:19  Stalker x4  
  170  13:20  Zealot  
Show
View Real Time Build Order
Export as new Build Order

Elazer Zerg 

Build Orders: Hatch First, Brood Lord Corruptor 

Get SALT Encoding   

  12  0:00  Drone  
  13  0:12  Overlord  
  13  0:17  Drone  
  14  0:31  Drone x2  
  16  0:50  Hatchery  
  16  0:53  Drone  
  17  0:57  Drone  
  17  1:00  Drone  
  18  1:11  Extractor  
  17  1:16  Spawning Pool  
  16  1:18  Drone  
  16  1:22  Drone  
  18  1:28  Drone  
  20  1:40  Drone  
  20  1:53  Drone  
  21  2:02  Overlord  
  21  2:03  Queen x2  
  21  2:04  Zergling x2  
  26  2:11  Zergling x2  
  26  2:15  Drone  
  28  2:22  Drone  
  29  2:30  Zergling x2  
  29  2:34  Drone  
  29  2:35  Drone  
  32  2:43  Hatchery  
  31  2:47  Queen  
  31  2:49  Overlord  
  33  2:53  Drone  
  33  2:56  Drone  
  35  3:00  Drone  
  36  3:11  Drone x2  
  38  3:13  Drone x4  
  38  3:18  Spore Crawler  
  42  3:23  Queen  
  42  3:24  Overlord  
  44  3:37  Drone  
  44  3:39  Drone  
  44  3:42  Overlord  
  44  3:44  Drone x5  
  49  3:52  Spore Crawler  
  49  3:53  Spore Crawler  
  49  3:55  Overlord  
  47  3:57  Spore Crawler, Drone x2  
  47  4:02  Queen  
  50  4:04  Drone  
  50  4:05  Drone  
  50  4:07  Drone  
  50  4:09  Drone  
  54  4:11  Drone  
  54  4:13  Drone  
  56  4:19  Overlord  
  56  4:20  Drone x2  
  56  4:23  Drone x2  
  60  4:30  Roach Warren  
  59  4:31  Extractor x2  
  59  4:35  Lair, Drone x2  
  59  4:37  Drone  
  60  4:40  Drone  
  60  4:43  Queen  
  60  4:45  Drone x2  
  65  4:48  Drone x2  
  67  4:54  Drone x3  
  67  4:58  Burrow  
  69  5:06  Overlord  
  69  5:11  Roach x2  
  69  5:14  Overlord x2  
  73  5:18  Evolution Chamber  
  72  5:25  Roach x3  
  72  5:28  Drone x6  
  82  5:30  Drone  
  82  5:33  Drone x3  
  83  5:36  Drone  
  83  5:38  Drone  
  83  5:41  Extractor, Hydralisk Den  
  83  5:43  Queen x2  
  83  5:45  Drone  
  83  5:49  Zerg Missile Weapons Level 1  
  88  5:51  Spore Crawler x2  
  88  5:53  Spore Crawler  
  88  5:54  Drone x2  
  88  5:55  Drone  
  88  5:57  Drone x2  
  88  6:01  Drone x3  
  88  6:03  Spore Crawler  
  89  6:04  Drone  
  89  6:05  Drone  
  89  6:06  Drone  
  89  6:08  Drone  
  89  6:13  Drone x4  
  89  6:14  Extractor  
  92  6:19  Grooved Spines  
  92  6:24  Overlord  
  92  6:25  Drone x3  
  95  6:28  Drone x2  
  95  6:29  Drone  
  98  6:33  Extractor  
  98  6:37  Overlord  
  98  6:38  Drone x2  
  96  6:41  Drone  
  96  6:45  Hatchery  
  96  6:49  Overlord  
  96  6:51  Drone x3  
  99  7:01  Hydralisk x6  
  99  7:03  Infestation Pit  
  99  7:05  Overlord  
  99  7:06  Hydralisk  
  112  7:09  Metabolic Boost  
  112  7:15  Overlord  
  112  7:16  Overseer  
  112  7:17  Hydralisk x2  
  114  7:28  Hydralisk x6  
  124  7:31  Hydralisk  
  124  7:37  Hydralisk x3  
  124  7:41  Muscular Augments  
  124  7:42  Pneumatized Carapace  
  130  7:45  Zerg Melee Weapons Level 1  
  130  7:51  Overlord  
  130  7:54  Hydralisk, Drone x2  
  130  7:55  Hydralisk x2  
  130  7:56  Overlord  
  137  8:06  Overlord  
  137  8:07  Hydralisk x3  
  142  8:16  Drone x7  
  142  8:17  Spire  
  142  8:18  Drone  
  149  8:21  Overlord  
  149  8:26  Hive  
  149  8:28  Extractor  
  149  8:30  Baneling Nest, Drone x2  
  149  8:32  Extractor  
  148  8:39  Drone x2  
  150  8:41  Overlord  
  150  8:44  Overlord  
  150  8:49  Hydralisk x6  
  162  8:58  Zergling x12  
  162  8:59  Overlord x2  
  168  9:18  Hatchery  
  168  9:21  Centrifical Hooks  
  168  9:22  Zergling x22  
  178  9:32  Corruptor x3  
  178  9:37  Greater Spire  
  184  9:41  Corruptor x2  
  188  9:47  Corruptor x2  
  192  9:56  Baneling  
  192  9:57  Zergling x2, Baneling x11  
  192  9:58  Zergling x6  
  194  10:20  Baneling x8  
  176  10:25  Zergling x16  
  176  10:26  Zergling x10  
  182  10:50  Brood Lord x7  
  182  10:52  Zergling x8  
  182  10:54  Zerg Melee Weapons Level 2  
  200  11:09  Overlord  
  200  11:10  Zerg Flyer Weapons Level 1, Adrenal Glands  
  200  11:16  Hatchery  
  199  11:19  Baneling  
  199  11:20  Baneling x9  
  191  11:28  Hydralisk  
  191  11:31  Corruptor x2  
  184  11:47  Zergling x34  
  169  12:17  Corruptor x3  
  169  12:18  Corruptor x6  
  169  12:22  Zergling x16  
  184  12:37  Overlord  
  184  12:39  Overlord  
  184  12:42  Overlord x2  
  184  12:48  Brood Lord  
  184  12:50  Hatchery  

Tags
 
Add a new tag
Caveats
  • Supply blocks, unpowered buildings, or Contaminate may cause inaccurate times.
  • Supply counts are checked every 10 seconds.